Vancouver Canucks vs Tampa Bay Lightning
Created - Wednesday, October 2, 2024 at 08:03
Goals
|
| Vancouver Canucks |
0 |
1 |
1 |
2 |
| Tampa Bay Lightning |
0 |
3 |
1 |
4 |
|
Shots
|
| Vancouver Canucks |
7 |
17 |
8 |
32 |
| Tampa Bay Lightning |
12 |
13 |
13 |
38 |
|
1st period
No Goal
Penalties :
Darnell Nurse (TBL) for Delaying the game (Minor) at 8:25, Jack Roslovic (TBL) for Roughing (Minor) at 15:23
2nd period
1. Vancouver Canucks , Taylor Raddysh 10 (Artturi Lehkonen 14, Mikko Rantanen 22) at 2:46
2. Tampa Bay Lightning , Jonathan Huberdeau 9 (Kirill Kaprizov 25, Anze Kopitar 31) at 7:47
3. Tampa Bay Lightning , Kirill Kaprizov 24 (Anze Kopitar 32) at 9:11
4. Tampa Bay Lightning , Anze Kopitar 12 (Darnell Nurse 6) at 9:21
Penalties :
Michael Matheson (TBL) for Roughing (Minor) at 4:28, Moritz Seider (TBL) for Tripping (Minor) at 13:56
3rd period
5. Vancouver Canucks , Miro Heiskanen 7 (Artturi Lehkonen 15, Noah Hanifin 9) at 7:24 (PP)
6. Tampa Bay Lightning , Johnny Gaudreau 13 (Roope Hintz 15, Brent Burns 11) at 10:09 (PP)
Penalties :
Travis Konecny (TBL) for Interference (Minor) at 0:57, Jonathan Huberdeau (TBL) for Cross-checking (Minor) at 7:09, Nathan Smith (VAN) for Tripping (Minor) at 8:55, Moritz Seider (TBL) for Tripping (Minor) at 11:14, Emil Martinsen Lilleberg (VAN) for High sticking (Minor) at 16:15
Goalie Stats
Joonas Korpisalo (VAN), 34 saves from 38 shots - (0.895), L, 4-6-2, 60:00 minutes
Jeremy Swayman (TBL), 30 saves from 32 shots - (0.938), W, 20-6-4, 60:00 minutes
Players Stats for Vancouver Canucks
Player Name G A P +/- PIM S H SB GA TA FO MP PP MP PK MP
------------------------------------------------------------------------------------
Adam Boqvist 0 0 0 0 0 2 0 2 0 0 0/0 21:17 6:08 0:58
Aleksander Barkov 0 0 0 -1 0 4 1 0 0 0 11/19 20:00 6:25 1:39
Artturi Lehkonen 0 2 2 0 0 4 1 1 0 1 0/1 18:18 5:44 1:39
Casey Mittelstadt 0 0 0 -1 0 1 1 0 0 0 11/23 18:49 5:31 0:00
Clayton Keller 0 0 0 -1 0 0 0 0 0 0 0/1 19:24 6:10 0:00
Emil Martinsen Lilleberg 0 0 0 1 2 0 1 0 0 0 0/0 12:57 0:00 0:38
Jacob Bernard-Docker 0 0 0 1 0 1 1 2 0 0 0/0 14:03 0:00 1:37
Jake Bean 0 0 0 0 0 2 1 1 0 1 0/0 20:19 6:08 0:00
Jesperi Kotkaniemi 0 0 0 0 0 1 2 0 0 0 5/6 8:55 0:20 0:00
Kasperi Kapanen 0 0 0 -1 0 1 0 0 0 1 0/0 12:00 0:00 0:00
Matias Maccelli 0 0 0 -1 0 1 1 0 0 0 1/2 12:00 0:00 0:00
Mikko Rantanen 0 1 1 -1 0 5 2 0 0 0 2/5 21:07 6:19 1:34
Miro Heiskanen 1 0 1 -3 0 2 2 0 0 1 0/0 25:38 6:01 1:36
Nathan Smith 0 0 0 0 2 1 2 0 0 0 4/9 10:03 0:00 0:00
Noah Hanifin 0 1 1 -3 0 0 1 0 0 0 0/0 25:46 6:01 1:37
Robby Fabbri 0 0 0 0 0 2 0 0 0 0 0/0 9:22 0:08 0:00
Taylor Raddysh 1 0 1 0 0 3 0 0 0 1 0/0 17:50 5:44 1:34
Ty Dellandrea 0 0 0 0 0 2 0 1 0 0 1/1 8:57 0:06 0:00
Players Stats for Tampa Bay Lightning
Player Name G A P +/- PIM S H SB GA TA FO MP PP MP PK MP
------------------------------------------------------------------------------------
Alexander Kerfoot 0 0 0 0 0 2 0 0 0 0 0/4 13:36 0:00 5:50
Anze Kopitar 1 2 3 3 0 1 0 0 1 0 16/30 16:40 0:59 1:21
Brent Burns 0 1 1 0 0 2 0 5 0 0 0/0 24:07 0:59 6:15
Darnell Nurse 0 1 1 2 2 2 2 0 0 0 0/0 17:10 0:59 2:49
Dylan Cozens 0 0 0 -1 0 5 2 0 0 0 4/5 14:31 0:00 4:46
Gustav Nyquist 0 0 0 -1 0 4 0 0 0 0 0/0 11:46 2:14 0:00
Hampus Lindholm 0 0 0 0 0 0 1 6 1 0 0/0 20:13 0:00 5:44
Jack Roslovic 0 0 0 0 2 0 0 0 0 0 0/0 7:52 0:00 0:36
Jason Dickinson 0 0 0 -1 0 2 0 0 0 0 4/9 15:06 0:00 5:14
Johnny Gaudreau 1 0 1 0 0 6 0 1 1 0 0/1 14:37 2:14 0:00
Jonathan Huberdeau 1 0 1 3 2 2 0 1 0 0 0/0 14:10 0:00 0:00
Kirill Kaprizov 1 1 2 3 0 4 0 1 0 0 0/1 16:19 0:59 0:23
Michael Matheson 0 0 0 2 2 0 2 3 2 0 0/0 25:27 2:14 4:30
Moritz Seider 0 0 0 0 4 0 2 3 0 0 0/0 21:14 2:14 4:05
Roope Hintz 0 1 1 0 0 1 1 0 0 0 8/16 14:37 2:14 0:00
TJ Brodie 0 0 0 0 0 2 1 1 0 0 0/0 12:47 0:00 0:55
Travis Konecny 0 0 0 0 2 2 3 0 0 0 0/1 13:51 0:59 0:00
Trevor Moore 0 0 0 0 0 3 1 0 0 0 0/0 13:41 0:00 6:08
3 Stars
1 - Anze Kopitar (TBL)
2 - Kirill Kaprizov (TBL)
3 - Jonathan Huberdeau (TBL)
Power Play
Vancouver Canucks - 1 on 7 Attempt(s) - 14.29%
Tampa Bay Lightning - 1 on 2 Attempt(s) - 50.00%
Penalty Kill
Vancouver Canucks - 1 on 2 Attempt(s) - 50.00%
- Score 0 goal in Penalty Kill
Tampa Bay Lightning - 6 on 7 Attempt(s) - 85.71%
- Score 0 goal in Penalty Kill
Team Stat
Vancouver Canucks - Hits : 16 - Faceoff Wins : 35 - Blocked Shots : 7 - Penalty Minutes : 4
Tampa Bay Lightning - Hits : 15 - Faceoff Wins : 32 - Blocked Shots : 21 - Penalty Minutes : 14
Official
Referees : Francois St Laurent and Jordan Samuels
Linesman : Derek Nansen and Brad Kovachik
Game Notes
No Game Note
Finance
Level 1 -- Attendance: 5843 (97.38%) -- Ticket Income $555,085
Level 2 -- Attendance: 4430 (88.60%) -- Ticket Income $243,650
Level 3 -- Attendance: 3000 (100.00%) -- Ticket Income $96,000
Level 4 -- Attendance: 4462 (89.24%) -- Ticket Income $98,164
Luxury Box -- Attendance: 1000 (100.00%) -- Ticket Income $193,000
Game was played at the Tampa Bay Times Forum.
Total Attendance: 18735 (93.68%)
Total Ticket Income: $1,185,899
Other Income: $415,065
Total Income: $1,600,964
Vancouver Canucks
5 vs 5 Forward
Center Left Wing Right Wing Time % Phy DF OF
1 Casey Mittelstadt Clayton Keller Mikko Rantanen 30 1 2 2
2 Aleksander Barkov Matias Maccelli Kasperi Kapanen 30 1 2 2
3 Nathan Smith Artturi Lehkonen Taylor Raddysh 25 1 2 2
4 Jesperi Kotkaniemi Robby Fabbri Ty Dellandrea 15 1 2 2
5 vs 5 Defense
Defense Defense Time % Phy DF OF
1 Noah Hanifin Miro Heiskanen 30 1 2 2
2 Jake Bean Adam Boqvist 30 1 2 2
3 Emil Martinsen Lilleberg Jacob Bernard-Docker 25 1 2 2
4 Noah Hanifin Miro Heiskanen 15 1 2 2
PowerPlay Forward
Center Left Wing Right Wing Time % Phy DF OF
1 Aleksander Barkov Clayton Keller Mikko Rantanen 50 1 2 2
2 Casey Mittelstadt Artturi Lehkonen Taylor Raddysh 50 1 2 2
PowerPlay Defense
Defense Defense Time % Phy DF OF
1 Noah Hanifin Miro Heiskanen 50 1 2 2
2 Jake Bean Adam Boqvist 50 1 2 2
Penalty Kill 4 Players Forward
Center Wing Time % Phy DF OF
1 Aleksander Barkov Artturi Lehkonen 50 1 2 2
2 Mikko Rantanen Taylor Raddysh 50 1 2 2
Penalty Kill 4 Players Defense
Defense Defense Time % Phy DF OF
1 Noah Hanifin Jacob Bernard-Docker 50 1 2 2
2 Emil Martinsen Lilleberg Miro Heiskanen 50 1 2 2
Penalty Kill - 3 Players Forward
Forward Time % Phy DF OF
1 Aleksander Barkov 50 1 2 2
2 Artturi Lehkonen 50 1 2 2
Penalty Kill - 3 Players Defense
Defense Defense Time % Phy DF OF
1 Noah Hanifin Miro Heiskanen 50 1 2 2
2 Jacob Bernard-Docker Adam Boqvist 50 1 2 2
4 vs 4 Forward
Center Wing Time % Phy DF OF
1 Casey Mittelstadt Mikko Rantanen 50 1 2 2
2 Aleksander Barkov Artturi Lehkonen 50 1 2 2
4 vs 4 Defense
Defense Defense Time % Phy DF OF
1 Noah Hanifin Miro Heiskanen 50 1 2 2
2 Emil Martinsen Lilleberg Adam Boqvist 50 1 2 2
Last Minutes Offensive
Center Left Wing Right Wing Defense Defense
Aleksander Barkov Clayton Keller Mikko Rantanen Noah Hanifin Miro Heiskanen
Last Minutes Defensive
Center Left Wing Right Wing Defense Defense
Aleksander Barkov Clayton Keller Mikko Rantanen Noah Hanifin Miro Heiskanen
Goaltenders
Starting : Joonas Korpisalo
Backup : Ville Husso
Extra Forwards
Normal : Aleksander Barkov, Artturi Lehkonen, Mikko Rantanen - PP : Aleksander Barkov, Mikko Rantanen - PK : Aleksander Barkov
Extra Defensemen
Normal : Miro Heiskanen, Noah Hanifin, Adam Boqvist - PP : Noah Hanifin - PK : Miro Heiskanen, Noah Hanifin
Penalty Shots
Aleksander Barkov, Mikko Rantanen, Clayton Keller, Artturi Lehkonen, Casey Mittelstadt
Scratches
Anton Lundell (Sprained Left Ankle Injury), Justin Schultz (Healthy), Jesse Ylonen (Healthy), Jacob Bryson (Healthy), Justus Annunen (Healthy)
Tampa Bay Lightning
5 vs 5 Forward
Center Left Wing Right Wing Time % Phy DF OF
1 Anze Kopitar Kirill Kaprizov Jonathan Huberdeau 35 0 2 3
2 Roope Hintz Johnny Gaudreau Travis Konecny 30 0 3 2
3 Jason Dickinson Dylan Cozens Gustav Nyquist 20 0 4 1
4 Alexander Kerfoot Jack Roslovic Trevor Moore 15 0 5 0
5 vs 5 Defense
Defense Defense Time % Phy DF OF
1 Moritz Seider Hampus Lindholm 30 1 2 2
2 Michael Matheson Darnell Nurse 30 1 2 2
3 TJ Brodie Brent Burns 25 1 2 2
4 Michael Matheson Brent Burns 15 1 2 2
PowerPlay Forward
Center Left Wing Right Wing Time % Phy DF OF
1 Roope Hintz Johnny Gaudreau Gustav Nyquist 50 1 2 2
2 Anze Kopitar Kirill Kaprizov Travis Konecny 50 1 2 2
PowerPlay Defense
Defense Defense Time % Phy DF OF
1 Michael Matheson Moritz Seider 50 1 2 2
2 Darnell Nurse Brent Burns 50 1 2 2
Penalty Kill 4 Players Forward
Center Wing Time % Phy DF OF
1 Jason Dickinson Trevor Moore 50 1 2 2
2 Dylan Cozens Alexander Kerfoot 50 1 2 2
Penalty Kill 4 Players Defense
Defense Defense Time % Phy DF OF
1 Moritz Seider Brent Burns 50 1 2 2
2 Michael Matheson Hampus Lindholm 50 1 2 2
Penalty Kill - 3 Players Forward
Forward Time % Phy DF OF
1 Anze Kopitar 50 1 2 2
2 Jason Dickinson 50 1 2 2
Penalty Kill - 3 Players Defense
Defense Defense Time % Phy DF OF
1 Michael Matheson Darnell Nurse 50 1 2 2
2 Moritz Seider Brent Burns 50 1 2 2
4 vs 4 Forward
Center Wing Time % Phy DF OF
1 Anze Kopitar Kirill Kaprizov 50 1 2 2
2 Dylan Cozens Travis Konecny 50 1 2 2
4 vs 4 Defense
Defense Defense Time % Phy DF OF
1 Michael Matheson Brent Burns 50 1 2 2
2 Moritz Seider Hampus Lindholm 50 1 2 2
Last Minutes Offensive
Center Left Wing Right Wing Defense Defense
Anze Kopitar Kirill Kaprizov Travis Konecny Michael Matheson Moritz Seider
Last Minutes Defensive
Center Left Wing Right Wing Defense Defense
Anze Kopitar Jason Dickinson Alexander Kerfoot Moritz Seider Michael Matheson
Goaltenders
Starting : Jeremy Swayman
Backup : Darcy Kuemper
Extra Forwards
Normal : Travis Konecny, Anze Kopitar, Trevor Moore - PP : Jonathan Huberdeau, Trevor Moore - PK : Anze Kopitar
Extra Defensemen
Normal : Brent Burns, Michael Matheson, Moritz Seider - PP : Hampus Lindholm - PK : Darnell Nurse, TJ Brodie
Penalty Shots
Trevor Moore, Gustav Nyquist, Alexander Kerfoot, Anze Kopitar, Jonathan Huberdeau
Scratches
None
% Time on Ice - Vancouver Canucks
Lines # - Real PCT - Wanted PCT - Time Play
Normal Forward
1 - 29% - 30% - 12:53
2 - 29% - 30% - 13:06
3 - 23% - 25% - 10:04
4 - 19% - 15% - 8:35
Normal Defense
1 - 30% - 30% - 13:12
2 - 32% - 30% - 14:11
3 - 28% - 25% - 12:19
4 - 11% - 15% - 4:56
PP Forward
1 - 53% - 50% - 6:25
2 - 47% - 50% - 5:44
PP Defense
1 - 50% - 50% - 6:01
2 - 50% - 50% - 6:08
PK Forward
1 - 51% - 50% - 1:39
2 - 49% - 50% - 1:34
PK Defense
1 - 50% - 50% - 1:37
2 - 50% - 50% - 1:36
PK3 Forward
1 - 0% - 50%
2 - 0% - 50%
PK3 Defense
1 - 0% - 50%
2 - 0% - 50%
44 Forward
1 - 0% - 50%
2 - 0% - 50%
44 Defense
1 - 0% - 50%
2 - 0% - 50%
Last Minute Offensive - 0:00
Last Minute Defensive - 0:00
Total
Forward - 60:00
Defense - 60:00
|
% Time on Ice - Tampa Bay Lightning
Lines # - Real PCT - Wanted PCT - Time Play
Normal Forward
1 - 35% - 35% - 15:25
2 - 28% - 30% - 12:42
3 - 21% - 20% - 9:15
4 - 16% - 15% - 7:16
Normal Defense
1 - 32% - 30% - 14:20
2 - 31% - 30% - 14:00
3 - 26% - 25% - 11:30
4 - 11% - 15% - 4:48
PP Forward
1 - 69% - 50% - 2:14
2 - 31% - 50% - 0:59
PP Defense
1 - 69% - 50% - 2:14
2 - 31% - 50% - 0:59
PK Forward
1 - 52% - 50% - 6:17
2 - 48% - 50% - 5:52
PK Defense
1 - 53% - 50% - 6:25
2 - 47% - 50% - 5:44
PK3 Forward
1 - 0% - 50%
2 - 0% - 50%
PK3 Defense
1 - 0% - 50%
2 - 0% - 50%
44 Forward
1 - 0% - 50%
2 - 0% - 50%
44 Defense
1 - 0% - 50%
2 - 0% - 50%
Last Minute Offensive - 0:00
Last Minute Defensive - 0:00
Total
Forward - 60:00
Defense - 60:00
|
Play-by-Play
1st period
0:01 of 1st period - Anze Kopitar wins face-off versus Casey Mittelstadt in neutral zone.
0:26 of 1st period - Kasperi Kapanen is hit by Travis Konecny and loses puck.
1:09 of 1st period - Snap shot by Artturi Lehkonen.
1:09 of 1st period - Stopped by Jeremy Swayman without a rebound.
1:10 of 1st period - Jesperi Kotkaniemi wins face-off versus Alexander Kerfoot in Tampa Bay Lightning zone.
1:17 of 1st period - Snap shot by Robby Fabbri.
1:17 of 1st period - Stopped by Jeremy Swayman with a rebound.
1:55 of 1st period - Snap shot by Trevor Moore.
1:55 of 1st period - Stopped by Joonas Korpisalo without a rebound.
1:56 of 1st period - Anze Kopitar wins face-off versus Casey Mittelstadt in Vancouver Canucks zone.
1:57 of 1st period - Wrist shot by Kirill Kaprizov.
1:57 of 1st period - Shot Misses the Net.
2:11 of 1st period - Snap shot by Mikko Rantanen.
2:11 of 1st period - Shot Blocked by Hampus Lindholm.
2:13 of 1st period - Slapshot by Jacob Bernard-Docker.
2:13 of 1st period - Stopped by Jeremy Swayman without a rebound.
2:14 of 1st period - Matias Maccelli wins face-off versus Roope Hintz in Tampa Bay Lightning zone.
2:41 of 1st period - Anze Kopitar is hit by Nathan Smith.
3:25 of 1st period - Wrist shot by Alexander Kerfoot.
3:25 of 1st period - Stopped by Joonas Korpisalo without a rebound.
3:26 of 1st period - Jesperi Kotkaniemi wins face-off versus Alexander Kerfoot in Vancouver Canucks zone.
3:44 of 1st period - Snap shot by Alexander Kerfoot.
3:44 of 1st period - Deflect By Adam Boqvist.
3:44 of 1st period - Stopped by Joonas Korpisalo with a rebound.
3:52 of 1st period - Jack Roslovic is hit by Jesperi Kotkaniemi and loses puck.
4:11 of 1st period - Slapshot by Trevor Moore.
4:11 of 1st period - Stopped by Joonas Korpisalo without a rebound.
4:12 of 1st period - Aleksander Barkov wins face-off versus Roope Hintz in Vancouver Canucks zone.
4:27 of 1st period - Wrist shot by Johnny Gaudreau.
4:27 of 1st period - Stopped by Joonas Korpisalo with a rebound.
4:39 of 1st period - Michael Matheson is hit by Miro Heiskanen and loses puck.
5:10 of 1st period - Backhand shot by Gustav Nyquist.
5:10 of 1st period - Stopped by Joonas Korpisalo without a rebound.
5:11 of 1st period - Roope Hintz wins face-off versus Aleksander Barkov in Vancouver Canucks zone.
5:16 of 1st period - Snap shot by Travis Konecny.
5:16 of 1st period - Stopped by Joonas Korpisalo with a rebound.
5:24 of 1st period - Snap shot by Matias Maccelli.
5:24 of 1st period - Shot Blocked by Johnny Gaudreau.
6:53 of 1st period - Aleksander Barkov is hit by Roope Hintz.
7:32 of 1st period - Gustav Nyquist is hit by Nathan Smith and loses puck.
7:47 of 1st period - Miro Heiskanen is hit by Darnell Nurse.
8:09 of 1st period - Wrist shot by Johnny Gaudreau.
8:09 of 1st period - Stopped by Joonas Korpisalo with a rebound.
8:11 of 1st period - Wrist shot by Michael Matheson.
8:11 of 1st period - Shot Misses the Net.
8:25 of 1st period - Minor Penalty to Darnell Nurse for Delaying the game.
8:26 of 1st period - Aleksander Barkov wins face-off versus Jason Dickinson in Tampa Bay Lightning zone.
8:53 of 1st period - Jake Bean is hit by Dylan Cozens and loses puck.
8:58 of 1st period - Snap shot by Dylan Cozens.
8:58 of 1st period - Stopped by Joonas Korpisalo with a rebound.
10:25 of 1st period - Penalty to Darnell Nurse is over, Darnell Nurse is back on ice.
10:39 of 1st period - Noah Hanifin is hit by Travis Konecny and loses puck.
12:13 of 1st period - Snap shot by Travis Konecny.
12:13 of 1st period - Shot Blocked by Jake Bean.
12:15 of 1st period - Slapshot by Darnell Nurse.
12:15 of 1st period - Deflect By Jake Bean.
12:15 of 1st period - Stopped by Joonas Korpisalo with a rebound.
12:17 of 1st period - Wrist shot by Roope Hintz.
12:17 of 1st period - Stopped by Joonas Korpisalo with a rebound.
12:27 of 1st period - Jonathan Huberdeau is hit by Jake Bean and loses puck.
13:11 of 1st period - Kasperi Kapanen is hit by TJ Brodie and loses puck.
13:48 of 1st period - Snap shot by Mikko Rantanen.
13:48 of 1st period - Stopped by Jeremy Swayman without a rebound.
13:49 of 1st period - Nathan Smith wins face-off versus Anze Kopitar in Tampa Bay Lightning zone.
13:50 of 1st period - Wrist shot by Artturi Lehkonen.
13:50 of 1st period - Stopped by Jeremy Swayman without a rebound.
13:51 of 1st period - Nathan Smith wins face-off versus Anze Kopitar in Tampa Bay Lightning zone.
13:56 of 1st period - Snap shot by Taylor Raddysh.
13:56 of 1st period - Stopped by Jeremy Swayman without a rebound.
13:57 of 1st period - Anze Kopitar wins face-off versus Nathan Smith in Tampa Bay Lightning zone.
14:03 of 1st period - Off-side.
14:04 of 1st period - Casey Mittelstadt wins face-off versus Anze Kopitar in neutral zone.
15:23 of 1st period - Minor Penalty to Jack Roslovic for Roughing.
15:24 of 1st period - Casey Mittelstadt wins face-off versus Dylan Cozens in Tampa Bay Lightning zone.
15:49 of 1st period - Noah Hanifin is hit by Dylan Cozens.
17:23 of 1st period - Penalty to Jack Roslovic is over, Jack Roslovic is back on ice.
17:32 of 1st period - Miro Heiskanen is hit by Travis Konecny and loses puck.
17:51 of 1st period - Snap shot by Robby Fabbri.
17:51 of 1st period - Shot Misses the Net.
17:53 of 1st period - Snap shot by Ty Dellandrea.
17:53 of 1st period - Stopped by Jeremy Swayman without a rebound.
17:54 of 1st period - Anze Kopitar wins face-off versus Jesperi Kotkaniemi in Tampa Bay Lightning zone.
18:07 of 1st period - Snap shot by Jesperi Kotkaniemi.
18:07 of 1st period - Deflect By Robby Fabbri.
18:07 of 1st period - Shot Misses the Net.
18:07 of 1st period - Puck is out of play.
18:08 of 1st period - Anze Kopitar wins face-off versus Aleksander Barkov in Tampa Bay Lightning zone.
18:19 of 1st period - Wrist shot by Anze Kopitar.
18:19 of 1st period - Shot Blocked by Adam Boqvist.
18:33 of 1st period - Adam Boqvist is hit by Michael Matheson and loses puck.
18:44 of 1st period - Wrist shot by Johnny Gaudreau.
18:44 of 1st period - Stopped by Joonas Korpisalo with a rebound.
19:10 of 1st period - Wrist shot by Jesperi Kotkaniemi.
19:10 of 1st period - Shot Misses the Net.
19:20 of 1st period - Slapshot by Jesperi Kotkaniemi.
19:20 of 1st period - Shot Blocked by Brent Burns.
Goals for this period are 0 for Vancouver Canucks vs 0 for Tampa Bay Lightning.
Shots for this period are 7 for Vancouver Canucks vs 12 for Tampa Bay Lightning.
2nd period
0:01 of 2nd period - Anze Kopitar wins face-off versus Casey Mittelstadt in neutral zone.
0:04 of 2nd period - Wrist shot by Kirill Kaprizov.
0:04 of 2nd period - Stopped by Joonas Korpisalo with a rebound.
0:14 of 2nd period - Snap shot by Mikko Rantanen.
0:14 of 2nd period - Shot Misses the Net.
0:16 of 2nd period - Snap shot by Casey Mittelstadt.
0:16 of 2nd period - Shot Blocked by Hampus Lindholm.
0:51 of 2nd period - Snap shot by Matias Maccelli.
0:51 of 2nd period - Deflect By Dylan Cozens.
0:51 of 2nd period - Shot Misses the Net.
0:51 of 2nd period - Puck is out of play.
0:52 of 2nd period - Casey Mittelstadt wins face-off versus Jason Dickinson in Tampa Bay Lightning zone.
0:53 of 2nd period - Snap shot by Mikko Rantanen.
0:53 of 2nd period - Shot Blocked by Brent Burns.
0:55 of 2nd period - Slapshot by Mikko Rantanen.
0:55 of 2nd period - Stopped by Jeremy Swayman with a rebound.
0:57 of 2nd period - Wrist shot by Casey Mittelstadt.
0:57 of 2nd period - Shot Misses the Net.
0:59 of 2nd period - Snap shot by Mikko Rantanen.
0:59 of 2nd period - Shot Blocked by Brent Burns.
1:01 of 2nd period - Slapshot by Jake Bean.
1:01 of 2nd period - Stopped by Jeremy Swayman with a rebound.
1:03 of 2nd period - Snap shot by Adam Boqvist.
1:03 of 2nd period - Shot Blocked by Brent Burns.
1:19 of 2nd period - Taylor Raddysh is hit by Michael Matheson and loses puck.
1:24 of 2nd period - Slapshot by Kirill Kaprizov.
1:24 of 2nd period - Shot Blocked by Artturi Lehkonen.
1:26 of 2nd period - Slapshot by Darnell Nurse.
1:26 of 2nd period - Shot Blocked by Adam Boqvist.
1:28 of 2nd period - Slapshot by Darnell Nurse.
1:28 of 2nd period - Shot Misses the Net.
1:30 of 2nd period - Slapshot by Michael Matheson.
1:30 of 2nd period - Shot Misses the Net.
1:47 of 2nd period - Noah Hanifin is hit by Trevor Moore and loses puck.
1:52 of 2nd period - Snap shot by Trevor Moore.
1:52 of 2nd period - Shot Misses the Net.
2:06 of 2nd period - Wrist shot by Clayton Keller.
2:06 of 2nd period - Shot Misses the Net.
2:29 of 2nd period - Hampus Lindholm is hit by Emil Martinsen Lilleberg and loses puck.
2:46 of 2nd period - Slapshot by Taylor Raddysh.
2:46 of 2nd period - Goal by Taylor Raddysh - Vancouver Canucks : 1 - Tampa Bay Lightning : 0.
2:47 of 2nd period - Aleksander Barkov wins face-off versus Anze Kopitar in neutral zone.
3:22 of 2nd period - Wrist shot by Taylor Raddysh.
3:22 of 2nd period - Stopped by Jeremy Swayman without a rebound.
3:23 of 2nd period - Anze Kopitar wins face-off versus Casey Mittelstadt in Tampa Bay Lightning zone.
4:15 of 2nd period - Off-side.
4:16 of 2nd period - Casey Mittelstadt wins face-off versus Alexander Kerfoot in neutral zone.
4:28 of 2nd period - Minor Penalty to Michael Matheson for Roughing.
4:29 of 2nd period - Casey Mittelstadt wins face-off versus Jason Dickinson in Tampa Bay Lightning zone.
4:43 of 2nd period - Slapshot by Artturi Lehkonen.
4:43 of 2nd period - Shot Misses the Net.
4:57 of 2nd period - Slapshot by Dylan Cozens.
4:57 of 2nd period - Stopped by Joonas Korpisalo without a rebound.
4:58 of 2nd period - Dylan Cozens wins face-off versus Aleksander Barkov in Vancouver Canucks zone.
5:54 of 2nd period - Snap shot by Clayton Keller.
5:54 of 2nd period - Shot Misses the Net.
5:56 of 2nd period - Slapshot by Jake Bean.
5:56 of 2nd period - Stopped by Jeremy Swayman with a rebound.
6:28 of 2nd period - Penalty to Michael Matheson is over, Michael Matheson is back on ice.
6:44 of 2nd period - Snap shot by Mikko Rantanen.
6:44 of 2nd period - Stopped by Jeremy Swayman without a rebound.
6:45 of 2nd period - Nathan Smith wins face-off versus Anze Kopitar in Tampa Bay Lightning zone.
6:46 of 2nd period - Snap shot by Artturi Lehkonen.
6:46 of 2nd period - Stopped by Jeremy Swayman with a rebound.
7:08 of 2nd period - Jonathan Huberdeau is hit by Artturi Lehkonen and loses puck.
7:45 of 2nd period - Wrist shot by Kirill Kaprizov.
7:45 of 2nd period - Stopped by Joonas Korpisalo with a rebound.
7:47 of 2nd period - Wrist shot by Jonathan Huberdeau.
7:47 of 2nd period - Goal by Jonathan Huberdeau - Vancouver Canucks : 1 - Tampa Bay Lightning : 1.
7:48 of 2nd period - Jesperi Kotkaniemi wins face-off versus Johnny Gaudreau in neutral zone.
8:15 of 2nd period - Dylan Cozens is hit by Jacob Bernard-Docker and loses puck.
8:34 of 2nd period - Slapshot by Trevor Moore.
8:34 of 2nd period - Stopped by Joonas Korpisalo with a rebound.
8:59 of 2nd period - Icing by Moritz Seider.
9:00 of 2nd period - Aleksander Barkov wins face-off versus Jason Dickinson in Tampa Bay Lightning zone.
9:09 of 2nd period - Slapshot by Gustav Nyquist.
9:09 of 2nd period - Stopped by Joonas Korpisalo without a rebound.
9:10 of 2nd period - Anze Kopitar wins face-off versus Casey Mittelstadt in Vancouver Canucks zone.
9:11 of 2nd period - Slapshot by Kirill Kaprizov.
9:11 of 2nd period - Goal by Kirill Kaprizov - Vancouver Canucks : 1 - Tampa Bay Lightning : 2.
9:12 of 2nd period - Aleksander Barkov wins face-off versus Anze Kopitar in neutral zone.
9:21 of 2nd period - Wrist shot by Anze Kopitar.
9:21 of 2nd period - Goal by Anze Kopitar - Vancouver Canucks : 1 - Tampa Bay Lightning : 3.
9:22 of 2nd period - Casey Mittelstadt wins face-off versus Roope Hintz in neutral zone.
9:27 of 2nd period - Snap shot by Mikko Rantanen.
9:27 of 2nd period - Stopped by Jeremy Swayman without a rebound.
9:28 of 2nd period - Roope Hintz wins face-off versus Casey Mittelstadt in Tampa Bay Lightning zone.
9:38 of 2nd period - Slapshot by Miro Heiskanen.
9:38 of 2nd period - Deflect By Mikko Rantanen.
9:38 of 2nd period - Stopped by Jeremy Swayman without a rebound.
9:39 of 2nd period - Aleksander Barkov wins face-off versus Kirill Kaprizov in Tampa Bay Lightning zone.
9:40 of 2nd period - Snap shot by Matias Maccelli.
9:40 of 2nd period - Shot Blocked by Michael Matheson.
9:46 of 2nd period - Slapshot by Brent Burns.
9:46 of 2nd period - Deflect By Aleksander Barkov.
9:46 of 2nd period - Stopped by Joonas Korpisalo without a rebound.
9:47 of 2nd period - Aleksander Barkov wins face-off versus Anze Kopitar in Vancouver Canucks zone.
9:58 of 2nd period - Slapshot by Miro Heiskanen.
9:58 of 2nd period - Stopped by Jeremy Swayman without a rebound.
9:59 of 2nd period - Roope Hintz wins face-off versus Casey Mittelstadt in Tampa Bay Lightning zone.
9:59 of 2nd period - Roope Hintz is hit by Mikko Rantanen.
10:35 of 2nd period - Off-side.
10:36 of 2nd period - Jason Dickinson wins face-off versus Nathan Smith in neutral zone.
10:55 of 2nd period - Noah Hanifin is hit by Moritz Seider and loses puck.
11:14 of 2nd period - Snap shot by Aleksander Barkov.
11:14 of 2nd period - Shot Misses the Net.
11:49 of 2nd period - Wrist shot by Gustav Nyquist.
11:49 of 2nd period - Shot Misses the Net.
12:52 of 2nd period - Wrist shot by Dylan Cozens.
12:52 of 2nd period - Shot Misses the Net.
12:54 of 2nd period - Snap shot by Jason Dickinson.
12:54 of 2nd period - Stopped by Joonas Korpisalo with a rebound.
12:56 of 2nd period - Wrist shot by Dylan Cozens.
12:56 of 2nd period - Stopped by Joonas Korpisalo with a rebound.
12:58 of 2nd period - Slapshot by Darnell Nurse.
12:58 of 2nd period - Stopped by Joonas Korpisalo with a rebound.
13:08 of 2nd period - Wrist shot by Dylan Cozens.
13:08 of 2nd period - Shot Misses the Net.
13:10 of 2nd period - Backhand shot by Gustav Nyquist.
13:10 of 2nd period - Stopped by Joonas Korpisalo with a rebound.
13:12 of 2nd period - Wrist shot by Gustav Nyquist.
13:12 of 2nd period - Deflect By Dylan Cozens.
13:12 of 2nd period - Shot Misses the Net.
13:12 of 2nd period - Puck is out of play.
13:13 of 2nd period - Aleksander Barkov wins face-off versus Anze Kopitar in Vancouver Canucks zone.
13:24 of 2nd period - Wrist shot by Anze Kopitar.
13:24 of 2nd period - Shot Misses the Net.
13:29 of 2nd period - Off-side.
13:30 of 2nd period - Roope Hintz wins face-off versus Nathan Smith in neutral zone.
13:41 of 2nd period - Slapshot by Artturi Lehkonen.
13:41 of 2nd period - Deflect By Brent Burns.
13:41 of 2nd period - Shot Hit the Post.
13:41 of 2nd period - Puck is out of play.
13:42 of 2nd period - Anze Kopitar wins face-off versus Aleksander Barkov in Tampa Bay Lightning zone.
13:56 of 2nd period - Minor Penalty to Moritz Seider for Tripping.
13:57 of 2nd period - Anze Kopitar wins face-off versus Casey Mittelstadt in Tampa Bay Lightning zone.
14:17 of 2nd period - Trevor Moore is hit by Mikko Rantanen and loses puck.
15:56 of 2nd period - Penalty to Moritz Seider is over, Moritz Seider is back on ice.
16:03 of 2nd period - Snap shot by Hampus Lindholm.
16:03 of 2nd period - Shot Blocked by Ty Dellandrea.
16:21 of 2nd period - Wrist shot by Matias Maccelli.
16:21 of 2nd period - Shot Blocked by Michael Matheson.
16:24 of 2nd period - Icing by Hampus Lindholm.
16:25 of 2nd period - Casey Mittelstadt wins face-off versus Jason Dickinson in Tampa Bay Lightning zone.
16:32 of 2nd period - Snap shot by Matias Maccelli.
16:32 of 2nd period - Stopped by Jeremy Swayman without a rebound.
16:33 of 2nd period - Nathan Smith wins face-off versus Roope Hintz in Tampa Bay Lightning zone.
16:58 of 2nd period - Johnny Gaudreau is hit by Jesperi Kotkaniemi and loses puck.
17:03 of 2nd period - Slapshot by Jesperi Kotkaniemi.
17:03 of 2nd period - Shot Blocked by Brent Burns.
17:05 of 2nd period - Snap shot by Jesperi Kotkaniemi.
17:05 of 2nd period - Deflect By Robby Fabbri.
17:05 of 2nd period - Stopped by Jeremy Swayman without a rebound.
17:06 of 2nd period - Anze Kopitar wins face-off versus Matias Maccelli in Tampa Bay Lightning zone.
17:36 of 2nd period - Casey Mittelstadt is hit by Hampus Lindholm and loses puck.
18:19 of 2nd period - Snap shot by Johnny Gaudreau.
18:19 of 2nd period - Shot Misses the Net.
18:52 of 2nd period - Slapshot by Adam Boqvist.
18:52 of 2nd period - Shot Misses the Net.
18:54 of 2nd period - Wrist shot by Nathan Smith.
18:54 of 2nd period - Stopped by Jeremy Swayman with a rebound.
18:56 of 2nd period - Slapshot by Adam Boqvist.
18:56 of 2nd period - Stopped by Jeremy Swayman with a rebound.
19:14 of 2nd period - Slapshot by Adam Boqvist.
19:14 of 2nd period - Stopped by Jeremy Swayman without a rebound.
19:15 of 2nd period - Roope Hintz wins face-off versus Aleksander Barkov in Tampa Bay Lightning zone.
19:15 of 2nd period - Roope Hintz is hit by Matias Maccelli.
19:37 of 2nd period - Slapshot by Aleksander Barkov.
19:37 of 2nd period - Shot Misses the Net.
19:41 of 2nd period - Wrist shot by Kasperi Kapanen.
19:41 of 2nd period - Deflect By Aleksander Barkov.
19:41 of 2nd period - Stopped by Jeremy Swayman with a rebound.
19:51 of 2nd period - Wrist shot by Matias Maccelli.
19:51 of 2nd period - Shot Blocked by Moritz Seider.
19:53 of 2nd period - Snap shot by Aleksander Barkov.
19:53 of 2nd period - Shot Blocked by Moritz Seider.
19:55 of 2nd period - Wrist shot by Aleksander Barkov.
19:55 of 2nd period - Stopped by Jeremy Swayman without a rebound.
19:56 of 2nd period - Anze Kopitar wins face-off versus Clayton Keller in Tampa Bay Lightning zone.
Goals for this period are 1 for Vancouver Canucks vs 3 for Tampa Bay Lightning.
Shots for this period are 17 for Vancouver Canucks vs 13 for Tampa Bay Lightning.
3rd period
0:01 of 3rd period - Casey Mittelstadt wins face-off versus Anze Kopitar in neutral zone.
0:12 of 3rd period - Wrist shot by Casey Mittelstadt.
0:12 of 3rd period - Stopped by Jeremy Swayman with a rebound.
0:33 of 3rd period - Snap shot by Aleksander Barkov.
0:33 of 3rd period - Stopped by Jeremy Swayman without a rebound.
0:34 of 3rd period - Casey Mittelstadt wins face-off versus Roope Hintz in Tampa Bay Lightning zone.
0:57 of 3rd period - Minor Penalty to Travis Konecny for Interference.
0:58 of 3rd period - Dylan Cozens wins face-off versus Casey Mittelstadt in Tampa Bay Lightning zone.
2:57 of 3rd period - Penalty to Travis Konecny is over, Travis Konecny is back on ice.
3:03 of 3rd period - Snap shot by Anze Kopitar.
3:03 of 3rd period - Shot Misses the Net.
3:05 of 3rd period - Wrist shot by Jonathan Huberdeau.
3:05 of 3rd period - Stopped by Joonas Korpisalo without a rebound.
3:06 of 3rd period - Jesperi Kotkaniemi wins face-off versus Anze Kopitar in Vancouver Canucks zone.
3:29 of 3rd period - Snap shot by Kirill Kaprizov.
3:29 of 3rd period - Deflect By Jonathan Huberdeau.
3:29 of 3rd period - Shot Misses the Net.
3:29 of 3rd period - Puck is out of play.
3:30 of 3rd period - Roope Hintz wins face-off versus Aleksander Barkov in Vancouver Canucks zone.
3:33 of 3rd period - Snap shot by Travis Konecny.
3:33 of 3rd period - Stopped by Joonas Korpisalo without a rebound.
3:34 of 3rd period - Aleksander Barkov wins face-off versus Roope Hintz in Vancouver Canucks zone.
3:43 of 3rd period - Snap shot by Aleksander Barkov.
3:43 of 3rd period - Shot Blocked by TJ Brodie.
4:05 of 3rd period - Snap shot by Kirill Kaprizov.
4:05 of 3rd period - Stopped by Joonas Korpisalo with a rebound.
4:07 of 3rd period - Slapshot by TJ Brodie.
4:07 of 3rd period - Stopped by Joonas Korpisalo with a rebound.
4:09 of 3rd period - Snap shot by TJ Brodie.
4:09 of 3rd period - Stopped by Joonas Korpisalo with a rebound.
4:11 of 3rd period - Slapshot by Brent Burns.
4:11 of 3rd period - Stopped by Joonas Korpisalo without a rebound.
4:12 of 3rd period - Aleksander Barkov wins face-off versus Travis Konecny in Vancouver Canucks zone.
4:21 of 3rd period - Snap shot by Aleksander Barkov.
4:21 of 3rd period - Deflect By Kasperi Kapanen.
4:21 of 3rd period - Stopped by Jeremy Swayman without a rebound.
4:22 of 3rd period - Aleksander Barkov wins face-off versus Roope Hintz in Tampa Bay Lightning zone.
4:23 of 3rd period - Wrist shot by Matias Maccelli.
4:23 of 3rd period - Deflect By Aleksander Barkov.
4:23 of 3rd period - Shot Misses the Net.
4:23 of 3rd period - Puck is out of play.
4:24 of 3rd period - Casey Mittelstadt wins face-off versus Anze Kopitar in Tampa Bay Lightning zone.
5:27 of 3rd period - Slapshot by Taylor Raddysh.
5:27 of 3rd period - Shot Blocked by Moritz Seider.
5:43 of 3rd period - Wrist shot by Jesperi Kotkaniemi.
5:43 of 3rd period - Deflect By Robby Fabbri.
5:43 of 3rd period - Shot Blocked by Hampus Lindholm.
5:43 of 3rd period - Puck is out of play.
5:44 of 3rd period - Jason Dickinson wins face-off versus Aleksander Barkov in Tampa Bay Lightning zone.
6:09 of 3rd period - Kirill Kaprizov is hit by Casey Mittelstadt and loses puck.
6:13 of 3rd period - Icing by Michael Matheson.
6:14 of 3rd period - Casey Mittelstadt wins face-off versus Anze Kopitar in Tampa Bay Lightning zone.
6:41 of 3rd period - Moritz Seider is hit by Aleksander Barkov and loses puck.
6:46 of 3rd period - Snap shot by Aleksander Barkov.
6:46 of 3rd period - Stopped by Jeremy Swayman with a rebound.
7:04 of 3rd period - Slapshot by Miro Heiskanen.
7:04 of 3rd period - Deflect By Artturi Lehkonen.
7:04 of 3rd period - Stopped by Jeremy Swayman with a rebound.
7:06 of 3rd period - Backhand shot by Taylor Raddysh.
7:06 of 3rd period - Deflect By Brent Burns.
7:06 of 3rd period - Shot Blocked by Michael Matheson.
7:06 of 3rd period - Puck is out of play.
7:07 of 3rd period - Anze Kopitar wins face-off versus Nathan Smith in Tampa Bay Lightning zone.
7:09 of 3rd period - Minor Penalty to Jonathan Huberdeau for Cross-checking.
7:10 of 3rd period - Dylan Cozens wins face-off versus Casey Mittelstadt in Tampa Bay Lightning zone.
7:10 of 3rd period - Dylan Cozens is hit by Miro Heiskanen.
7:24 of 3rd period - Snap shot by Miro Heiskanen.
7:24 of 3rd period - Deflect By Moritz Seider.
7:24 of 3rd period - Goal by Miro Heiskanen - Vancouver Canucks : 2 - Tampa Bay Lightning : 3.
7:25 of 3rd period - Anze Kopitar wins face-off versus Casey Mittelstadt in neutral zone.
8:33 of 3rd period - Slapshot by Gustav Nyquist.
8:33 of 3rd period - Deflect By Jason Dickinson.
8:33 of 3rd period - Stopped by Joonas Korpisalo without a rebound.
8:34 of 3rd period - Jason Dickinson wins face-off versus Nathan Smith in Vancouver Canucks zone.
8:45 of 3rd period - Snap shot by Dylan Cozens.
8:45 of 3rd period - Stopped by Joonas Korpisalo with a rebound.
8:47 of 3rd period - Snap shot by Dylan Cozens.
8:47 of 3rd period - Shot Blocked by Jacob Bernard-Docker.
8:55 of 3rd period - Minor Penalty to Nathan Smith for Tripping.
8:56 of 3rd period - Roope Hintz wins face-off versus Aleksander Barkov in Vancouver Canucks zone.
8:57 of 3rd period - Wrist shot by Johnny Gaudreau.
8:57 of 3rd period - Stopped by Joonas Korpisalo with a rebound.
9:13 of 3rd period - Wrist shot by Roope Hintz.
9:13 of 3rd period - Shot Blocked by Jacob Bernard-Docker.
9:31 of 3rd period - Slapshot by Moritz Seider.
9:31 of 3rd period - Deflect By Kirill Kaprizov.
9:31 of 3rd period - Shot Misses the Net.
9:31 of 3rd period - Puck is out of play.
9:32 of 3rd period - Mikko Rantanen wins face-off versus Anze Kopitar in Vancouver Canucks zone.
9:43 of 3rd period - Slapshot by Artturi Lehkonen.
9:43 of 3rd period - Shot Blocked by Kirill Kaprizov.
10:09 of 3rd period - Backhand shot by Roope Hintz.
10:09 of 3rd period - Deflect By Johnny Gaudreau.
10:09 of 3rd period - Goal by Johnny Gaudreau - Vancouver Canucks : 2 - Tampa Bay Lightning : 4.
10:10 of 3rd period - Anze Kopitar wins face-off versus Casey Mittelstadt in neutral zone.
10:46 of 3rd period - Slapshot by Johnny Gaudreau.
10:46 of 3rd period - Stopped by Joonas Korpisalo with a rebound.
11:14 of 3rd period - Minor Penalty to Moritz Seider for Tripping.
11:15 of 3rd period - Dylan Cozens wins face-off versus Artturi Lehkonen in Tampa Bay Lightning zone.
13:14 of 3rd period - Penalty to Moritz Seider is over, Moritz Seider is back on ice.
13:40 of 3rd period - Snap shot by Robby Fabbri.
13:40 of 3rd period - Shot Blocked by Jonathan Huberdeau.
13:42 of 3rd period - Wrist shot by Ty Dellandrea.
13:42 of 3rd period - Stopped by Jeremy Swayman with a rebound.
13:44 of 3rd period - Slapshot by Jacob Bernard-Docker.
13:44 of 3rd period - Shot Blocked by Hampus Lindholm.
13:46 of 3rd period - Snap shot by Ty Dellandrea.
13:46 of 3rd period - Shot Blocked by Hampus Lindholm.
13:48 of 3rd period - Snap shot by Robby Fabbri.
13:48 of 3rd period - Shot Misses the Net.
13:50 of 3rd period - Backhand shot by Jacob Bernard-Docker.
13:50 of 3rd period - Shot Blocked by Hampus Lindholm.
15:22 of 3rd period - Miro Heiskanen is hit by Darnell Nurse and loses puck.
15:53 of 3rd period - Snap shot by Alexander Kerfoot.
15:53 of 3rd period - Deflect By Dylan Cozens.
15:53 of 3rd period - Stopped by Joonas Korpisalo without a rebound.
15:54 of 3rd period - Jason Dickinson wins face-off versus Mikko Rantanen in Vancouver Canucks zone.
16:15 of 3rd period - Minor Penalty to Emil Martinsen Lilleberg for High sticking.
16:16 of 3rd period - Roope Hintz wins face-off versus Mikko Rantanen in Vancouver Canucks zone.
16:43 of 3rd period - Noah Hanifin is hit by Moritz Seider and loses puck.
16:59 of 3rd period - Icing by Michael Matheson.
17:00 of 3rd period - Mikko Rantanen wins face-off versus Roope Hintz in Tampa Bay Lightning zone.
17:53 of 3rd period - Slapshot by Gustav Nyquist.
17:53 of 3rd period - Stopped by Joonas Korpisalo without a rebound.
17:54 of 3rd period - Anze Kopitar wins face-off versus Mikko Rantanen in Vancouver Canucks zone.
18:15 of 3rd period - Penalty to Emil Martinsen Lilleberg is over, Emil Martinsen Lilleberg is back on ice.
18:21 of 3rd period - Snap shot by Jesperi Kotkaniemi.
18:21 of 3rd period - Stopped by Jeremy Swayman without a rebound.
18:22 of 3rd period - Jesperi Kotkaniemi wins face-off versus Alexander Kerfoot in Tampa Bay Lightning zone.
18:49 of 3rd period - Jonathan Huberdeau is hit by Noah Hanifin.
19:54 of 3rd period - Icing by Jacob Bernard-Docker.
19:55 of 3rd period - Ty Dellandrea wins face-off versus Anze Kopitar in Vancouver Canucks zone.
Goals for this period are 1 for Vancouver Canucks vs 1 for Tampa Bay Lightning.
Shots for this period are 8 for Vancouver Canucks vs 13 for Tampa Bay Lightning.
Back to the Top